 Dungeon Crawl Stone Soup version 0.29-a0-294-g83ea962da3 (webtiles) character file.

Game seed: 16272759585361603046

12 Leszczynek the Chopper (level 2, -2/10 (33) HPs)
             Began as a Human Gladiator on Mar 18, 2022.
             Was a Follower of Qazlal.
             Slain by Terence
             ... wielding the +7 Throatcutter {drain, coup de grace}
              (3 damage)
             ... on level 2 of the Dungeon.
             The game lasted 00:05:27 (172 turns).

Leszczynek the Chopper (Human Gladiator)             Turns: 172, Time: 00:05:27

HP:   -2/10 (33)    AC: 21    Str: 14    XL:     2   Next: 45%
MP:   2/2           EV:  2    Int:  8    God:    Qazlal [*.....]
Gold: 25            SH:  1    Dex: 14    Spells: 1/1 levels left

rFire   . . .      SeeInvis .   a - +0 war axe
rCold   . . .      Faith    .   (no shield)
rNeg    . . .      Spirit   .   (body armour currently unavailable)
rPois   +          Reflect  .   (helmet currently unavailable)
rElec   .          Harm     .   (cloak currently unavailable)
rCorr   .          Rampage  .   (gloves currently unavailable)
Will    .....      NoTele   +   (boots currently unavailable)
Stlth   +.........              (no amulet)
HPRegen 0.03/turn               f - ring of flight
MPRegen 0.08/turn               (no ring)

@: tree-form, extremely drained
A: stationary, stasis, torment immunity, boosted hp
a: Renounce Religion


You were on level 2 of the Dungeon.
You worshipped Qazlal.
Qazlal was aware of your devotion.
You were a tree.
You visited 1 branch of the dungeon, and saw 2 of its levels.

You collected 25 gold pieces.

Inventory:

Hand Weapons
 a - a +0 war axe (weapon)
Missiles
 d - 3 throwing nets (quivered)
 e - a javelin
Armour
 b - a +0 leather armour (melded)
 c - a +0 helmet (melded)
Jewellery
 f - a ring of flight (left branch)
Scrolls
 g - a scroll of teleportation {unknown}
 h - a scroll of enchant armour {unknown}


   Skills:
 - Level 2.0 Fighting
 + Level 3.7 Axes
 - Level 2.0 Throwing
 - Level 3.0 Dodging


You had one spell level left.
You didn't know any spells.
Your spell library was empty.

Dungeon Overview and Level Annotations

Branches:
Dungeon (2/15)

Altars:
Qazlal

Annotations:
D:2 Terence


Message History

You hit Terence but do no damage.
Terence is heavily wounded.
You completely miss the hobgoblin. The hobgoblin hits you.
Terence hits you but does no damage.
You feel drained.
You hit Terence.
Terence is almost dead.
You closely miss the hobgoblin.
The hobgoblin hits you but does no damage.
Terence hits you with the +7 Throatcutter {drain, coup de grace}.
You feel drained.
You barely miss Terence.
Terence is almost dead.
You hit the hobgoblin.
You kill the hobgoblin!
Qazlal accepts your kill. Terence hits you but does no damage.
You feel drained. Terence hits you but does no damage.
You feel drained.
You closely miss Terence.
Terence is almost dead.
Terence hits you but does no damage.
You feel drained.
You hit Terence but do no damage.
Terence is almost dead.
Terence hits you but does no damage.
You feel drained.
You hit Terence but do no damage.
Terence is almost dead.
Terence hits you with the +7 Throatcutter {drain, coup de grace}!
Ouch! That really hurt!
You feel drained.
Terence says, "Rest in peace."
Terence hits you but does no damage.
You feel drained.
You hit Terence but do no damage.
Terence is almost dead.
Terence hits you with the +7 Throatcutter {drain, coup de grace}.
* * * LOW HITPOINT WARNING * * *
You feel drained.
* * * LOW HITPOINT WARNING * * *
You hit Terence but do no damage.
Terence is almost dead.
Terence hits you with the +7 Throatcutter {drain, coup de grace}.
You die...

### #..
####.# #..
#....###.....
#.@♣..$#
#...######
####


You could see Terence.

Vanquished Creatures
  A bat (D:1)
  2 giant cockroaches (D:1)
  2 goblins (D:1)
  2 hobgoblins
  2 ball pythons (D:1)
  2 rats (D:1)
11 creatures vanquished.

Notes
Turn   | Place    | Note
-------+----------+-------------------------------------------
     0 | D:1      | Leszczynek the Human Gladiator began the quest for the Orb.
     0 | D:1      | Reached XP level 1. HP: 16/16 MP: 1/1
    74 | D:1      | Reached XP level 2. HP: 17/22 MP: 2/2
    86 | D:1      | Found a faded altar of an unknown god.
    89 | D:1      | Prayed at the altar of an unknown god.
    89 | D:1      | Became a worshipper of Qazlal Stormbringer
    89 | D:1      | Reached * piety under Qazlal
   158 | D:2      | Noticed Terence
   170 | D:2      | Ouch! That really hurt!
   171 | D:2      | HP: 2/12 [Terence/the +7 Throatcutter {drain, coup de
                  | grace} (4)]
   172 | D:2      | Slain by Terence

Illustrated notes

Levels and vault maps discovered:
D:1:      dpeg_arrival_erosion, layout_basic,
          shapermc_ecumenical_altar_mp_vishouse, dk_noncrumbling_3
D:2:      minmay_roachtagon, layout_rooms, minmay_circle_x, uniq_terence

Action                   || total
-------------------------++-------
Melee: War axe           ||    28
  Use: Potion            ||     1
 Stab: Sleeping          ||     1
Armor: Leather armour    ||     3
       Skin              ||    16
Dodge: Dodged            ||     7

Table legend: (Time is in decaauts)
 A = Elapsed time spent in this place.
 B = Non-inter-level travel time spent in this place.
 C = Inter-level travel time spent in this place.
 D = Time resting spent in this place.
 E = Time spent auto-exploring this place.
 F = Levels seen in this place.
 G = Mean time per level.
                   A        B        C        D        E       F      G
               +--------+--------+--------+--------+--------+-----+--------+
         Total |    178 |    178 |      0 |      0 |      0 |   2 |   89.0 |
       Dungeon |    178 |    178 |      0 |      0 |      0 |   2 |   89.0 |
               +--------+--------+--------+--------+--------+-----+--------+

Top non-repeatable levels by time:
     D:1: 161 daAuts
     D:2: 17 daAuts
